 Dungeon Crawl Stone Soup version 0.21.1-1-g345015f (webtiles) character file.

191 Kairos the Shield-Bearer (level 6, 0/48 HPs)
             Began as a Formicid Fighter on Mar 17, 2018.
             Was an Initiate of Okawaru.
             Killed by nerve-wracking pain
             ... invoked by Grinder
              (10 damage)
             ... on level 3 of the Dungeon.
             The game lasted 00:05:15 (2296 turns).

Kairos the Shield-Bearer (Formicid Fighter)         Turns: 2296, Time: 00:05:16

Health: 0/48       AC:  9    Str: 21    XL:     6   Next: 2%
Magic:  0/6        EV:  6    Int:  8    God:    Okawaru [......]
Gold:   76         SH: 10    Dex: 11    Spells: 5/5 levels left

rFire    + . .     SeeInvis +   a - +0 quarterstaff
rCold    x . .     Gourm    .   c - +0 shield
rNeg     . . .     Faith    .   l - +0 chain mail
rPois    .         Spirit   +   (helmet unavailable)
rElec    .         Reflect  .   (no cloak)
rCorr    .         Harm     .   (no gloves)
MR       .....                  (no boots)
Stlth    ..........             n - amulet of guardian spirit
HPRegen  0.16/turn              j - ring of fire
MPRegen  0.10/turn              (no ring)

@: no status effects
A: permanent stasis, dig shafts and tunnels, four strong arms, antennae 3
a: Dig, Shaft Self, Renounce Religion


You were on level 3 of the Dungeon.
You worshipped Okawaru.
Okawaru was noncommittal.
You were not hungry.

You visited 1 branch of the dungeon, and saw 3 of its levels.

You collected 76 gold pieces.

Inventory:

Hand Weapons
 a - a +0 quarterstaff (weapon)
 e - a cursed -1 hand axe
 u - a cursed -3 hunting sling
Armour
 c - a +0 shield (worn)
 l - a +0 chain mail (worn)
Jewellery
 j - a ring of fire (left hand)
 n - an amulet of guardian spirit (around neck)
Scrolls
 b - 2 scrolls of remove curse {unknown}
 h - 2 scrolls of magic mapping {unknown}
 k - 6 scrolls of identify {unknown}
 p - a scroll of fog {unknown}
 q - a scroll of enchant weapon {unknown}
 t - a scroll of amnesia {unknown}
Potions
 d - a potion of might
 g - a potion of curing {unknown}
 i - a potion of degeneration {unknown}
 m - a potion of haste {unknown}
 o - a potion of brilliance {unknown}
 r - a potion of flight {unknown}
 s - 2 potions of lignification {unknown}
 w - a potion of heal wounds {unknown}
Comestibles
 f - 7 rations


   Skills:
 + Level 4.0 Fighting
 + Level 3.8 Staves
 + Level 4.3 Armour
 + Level 0.4 Dodging
 + Level 0.1 Stealth
 + Level 4.6 Shields


You had 5 spell levels left.
You didn't know any spells.

Dungeon Overview and Level Annotations

Branches:
Dungeon (3/15)

Altars:
Kikubaaqudgha
Nemelex Xobeh
Okawaru
Ru
Trog

Annotations:
D:3 Grinder


Innate Abilities, Weirdness & Mutations

You cannot be hasted, slowed, berserked, paralysed or teleported.
You can dig through walls and to a lower floor.
Your four strong arms can wield two-handed weapons with a shield.
You have a pair of large antennae on your head. (SInv)


Message History

You closely miss Grinder.
Grinder is heavily wounded.
Grinder hits you.
You hit Grinder.
Grinder is heavily wounded.
Grinder hits you.
* * * LOW HITPOINT WARNING * * *
You writhe in agony.
* * * LOW HITPOINT WARNING * * *
You hit Grinder.
Grinder is severely wounded.
Grinder hits you but does no damage.
You closely miss Grinder.
Grinder is severely wounded.
Grinder blinks!
You see here a fuming brown potion.
Grinder says, "Tell me all your secrets, or I'll kill you."
Grinder gestures at you. Pain shoots through your body!
You die...

#..## #.# ##.# ###(
##..####.# #.# ## ##
##...##.# #.# # ...#
###.##.# #.# # ....#
#.<#.# #.# #....# ##...#
#.#### #....#####..##
#....### #...........#
####.... ####.(...@.##.#
####. ..>#...5....#.#
##<... ###.....!..#.#
##.....
##....)....#..#####...##.
##..........##..#....#####
#...........# #...#####
..#........#####......##
##..........##.........##
........$...##.....)....#


You could see Grinder.

Vanquished Creatures
  Natasha (thrice) (D:2)
  A gnoll (D:1)
  4 adders
  2 worms
  2 dart slugs
  2 leopard geckos
  An orc (D:3)
  7 bats
  9 goblins
  4 hobgoblins
  3 jackals (D:3)
  10 kobolds
  2 quokkas
  3 frilled lizards
  7 rats
60 creatures vanquished.

Notes
Turn   | Place    | Note
-------+----------+-------------------------------------------
     0 | D:1      | Kairos the Formicid Fighter began the quest for the Orb.
     0 | D:1      | Reached XP level 1. HP: 18/18 MP: 1/1
    56 | D:1      | Reached XP level 2. HP: 22/24 MP: 2/2
   369 | D:1      | Reached XP level 3. HP: 19/29 MP: 3/3
  1052 | D:2      | Found a bloodstained altar of Trog.
  1053 | D:2      | Found an ancient bone altar of Kikubaaqudgha.
  1091 | D:2      | Noticed Natasha
  1101 | D:2      | Killed Natasha
  1101 | D:2      | Reached XP level 4. HP: 22/37 MP: 4/4
  1186 | D:2      | Noticed Natasha
  1192 | D:2      | Killed Natasha
  1192 | D:2      | Reached XP level 5. HP: 22/42 MP: 5/5
  1257 | D:2      | Noticed Natasha
  1267 | D:2      | Killed Natasha
  1886 | D:2      | Found an iron altar of Okawaru.
  1903 | D:2      | Became a worshipper of Warmaster Okawaru
  2035 | D:3      | Found a sparkling altar of Nemelex Xobeh.
  2091 | D:3      | Found a sacrificial altar of Ru.
  2205 | D:3      | Reached XP level 6. HP: 44/48 MP: 4/6
  2259 | D:3      | Noticed Grinder
  2296 | D:3      | Killed from afar by Grinder

Skill      XL: |  1  2  3  4  5 |
---------------+----------------+-----
Shields        | 4 |  4.6
Staves         | 3 |  3.8
Armour         | 4 |  4.3
Fighting       | 4 |  4.0
Dodging        | |  0.4
Stealth        | |  0.1

Action                   |  1- 3 |  4- 6 || total
-------------------------+-------+-------++-------
Melee: Quarterstaff      |   110 |   130 ||   240
  Eat: Chunk             |       |     5 ||     5
Armor: Scale mail        |    42 |       ||    42
       Chain mail        |     5 |    68 ||    73
Dodge: Dodged            |    30 |    30 ||    60
Block: Shield            |    63 |    64 ||   127
